Map: Honorgrounds LE

Players

ByuN - Winner!

  • Race: Terran Terran
  • Spawn Location: 5:00

Snute

  • Race: Zerg Zerg
  • Spawn Location: 11:00

Event: IEM XI Katowice - World Championship 2017

VOD

https://www.youtube.com/watch?v=UAmsBomsmXM

Description

Time

  • Played on: March 1, 2017, 11:24 p.m.
  • Length: 7:03

All games in this series

Show
View Real Time Build Order
Export as new Build Order

ByuN Terran - Winner!

Build Orders:  

Get SALT Encoding   

  12  0:00  SCV  
  13  0:12  SCV  
  14  0:17  Supply Depot  
  14  0:25  SCV  
  15  0:39  SCV, Barracks  
  16  0:44  Refinery  
  16  0:51  SCV  
  17  1:00  Barracks  
  17  1:03  SCV  
  18  1:15  SCV  
  19  1:21  Barracks  
  19  1:26  Reaper  
  20  1:37  Orbital Command  
  20  1:43  Refinery  
  20  1:46  Reaper  
  21  1:55  Supply Depot  
  21  2:03  Reaper  
  21  2:04  SCV  
  23  2:16  Reaper, SCV  
  25  2:23  Reaper  
  25  2:27  Supply Depot  
  25  2:29  SCV  
  27  2:38  Reaper  
  27  2:41  SCV  
  29  2:48  Reaper  
  30  2:53  SCV  
  31  3:01  Command Center  
  32  3:07  SCV  
  33  3:13  Supply Depot  
  33  3:18  Barracks Tech Lab  
  33  3:19  SCV  
  34  3:22  Barracks Reactor x2  
  33  3:31  SCV  
  34  3:37  Factory  
  34  3:38  Marine  
  35  3:42  Stimpack  
  35  3:43  SCV  
  35  3:46  Engineering Bay  
  36  3:55  SCV  
  37  3:56  Marine  
  37  4:00  Marine x3  
  41  4:03  Marine  
  41  4:09  SCV  
  43  4:20  Terran Infantry Weapons Level 1  
  43  4:23  Starport  
  43  4:25  SCV  
  43  4:28  Orbital Command  
  44  4:38  SCV, Factory Reactor  
  45  4:40  Marine  
  45  4:41  Marine x2  
  45  4:42  Marine  
  45  4:43  Marine  
  50  4:54  SCV x2  
  50  4:56  Supply Depot  
  51  5:01  Marine x5  
  51  5:06  SCV x2  
  58  5:09  Supply Depot  
  58  5:17  Medivac x2  
  58  5:18  SCV x2  
  64  5:21  Supply Depot  
  64  5:26  Marine x2  
  64  5:27  Marine x2  
  68  5:29  Marine  
  68  5:35  SCV x2  
  70  5:44  Marine x4  
  70  5:45  Supply Depot  
  70  5:47  Marine  
  75  5:56  Medivac  
  77  6:00  Medivac  
  77  6:02  Marine x4  
  83  6:04  Marine  
  83  6:07  Supply Depot  
  84  6:19  Marine x2  
  84  6:20  Marine x2  
  84  6:22  Marine  
  86  6:37  Marine x2  
  86  6:38  Marine x2  
  86  6:39  Command Center  
  88  6:40  Marine  
  89  6:49  Barracks  
  89  6:50  Barracks  
  83  7:00  Factory Tech Lab  
Show
View Real Time Build Order
Export as new Build Order

Snute Zerg 

Build Orders: Pool First 

Get SALT Encoding   

  12  0:00  Drone  
  13  0:12  Overlord  
  13  0:17  Drone  
  14  0:31  Drone x2  
  14  0:34  Drone  
  17  0:44  Spawning Pool  
  17  0:49  Drone  
  17  1:09  Hatchery  
  16  1:12  Drone  
  16  1:15  Drone  
  18  1:19  Extractor  
  18  1:20  Drone  
  18  1:31  Queen  
  20  1:37  Overlord  
  20  1:41  Zergling x2  
  21  1:49  Drone  
  22  2:00  Drone  
  23  2:06  Queen  
  25  2:13  Drone  
  26  2:20  Queen  
  26  2:21  Drone  
  29  2:24  Drone  
  30  2:34  Roach Warren  
  30  2:35  Drone x2  
  30  2:39  Drone  
  30  2:40  Drone  
  32  2:46  Overlord  
  32  2:50  Overlord  
  32  3:14  Roach x5  
  32  3:15  Roach  
  44  3:26  Overlord  
  44  3:27  Drone  
  44  3:29  Drone x3  
  48  3:37  Drone  
  49  3:43  Overlord, Ravager x2  
  49  3:48  Drone  
  52  3:49  Drone  
  53  3:56  Drone x3  
  56  4:03  Drone  
  56  4:04  Drone x3  
  56  4:09  Hatchery  
  59  4:12  Ravager  
  59  4:13  Extractor  
  60  4:18  Hatchery  
  60  4:19  Overlord  
  60  4:21  Drone x2  
  60  4:22  Drone  
  62  4:27  Queen, Extractor  
  63  4:33  Overlord  
  63  4:35  Ravager  
  63  4:36  Drone x3  
  67  4:40  Drone  
  67  4:44  Drone x3  
  71  4:47  Drone  
  71  4:50  Extractor  
  71  4:54  Metabolic Boost  
  71  4:55  Drone  
  71  4:58  Drone x3  
  75  5:01  Drone  
  76  5:09  Lair  
  76  5:10  Evolution Chamber  
  76  5:11  Evolution Chamber  
  74  5:14  Drone  
  74  5:15  Drone  
  74  5:19  Drone, Baneling Nest  
  76  5:22  Drone x2  
  76  5:23  Drone  
  76  5:26  Drone x3  
  82  5:31  Overlord  
  82  5:34  Drone x2  
  82  5:35  Drone  
  85  5:44  Drone  
  85  5:45  Drone  
  85  5:46  Drone  
  88  5:53  Drone x4  
  92  5:59  Hatchery  
  91  6:04  Extractor, Drone x2  
  91  6:05  Drone x3  
  91  6:06  Zergling x2, Extractor  
  91  6:07  Zergling x2  
  96  6:13  Zergling x4  
  96  6:15  Overlord  
  94  6:29  Zergling x2  
  86  6:38  Drone  
  86  6:39  Drone x3  
  85  6:41  Drone x2  
  85  6:42  Drone  
  85  6:43  Zergling x10  

Tags
 
Add a new tag
Caveats
  • Supply blocks, unpowered buildings, or Contaminate may cause inaccurate times.
  • Supply counts are checked every 10 seconds.